 Dungeon Crawl Stone Soup version 0.31-a0-931-g7b59d4eb97 (webtiles) character file.

Game seed: 17607162076823070293

198 Xavori the Trooper (level 6, -1/47 HPs)
             Began as a Djinni Chaos Knight on Oct 19, 2023.
             Was a Plaything of Xom.
             Slain by a sea snake (glowing shapeshifter) (4 damage)
             ... in a sewer.
             The game lasted 00:04:12 (7872 turns).

Xavori the Trooper (Djinni Chaos Knight)            Turns: 7872, Time: 00:04:13

Health: -1/47      AC:  9    Str: 15      XL:     6   Next: 6%
Gold:   924        EV: 12    Int: 11 (13) God:    Xom [....*.] SH:  0 Dex: 13

rFire   + + .        a - +1 falchion (chaos)
rCold   x x .        (no shield)
rNeg    . . .        b - +2 leather armour
rPois   ∞            (no helmet)
rElec   +            (no cloak)
rCorr   .            (no gloves)
SInv    .            (boots unavailable)
Will    ++...        l - amulet of regeneration
Stlth   +            k - ring of willpower
HPRegen 1.07/turn    (no ring)
MPRegen 0.00/turn

%: random rage (3%), infuse magic (-2 HP)
@: on berserk cooldown, flying, slowed, very slow
A: sickness immunity, fire resistance 2, cold vulnerability 2, float, innate
caster, HP casting, extra vitality 1, iridescent scales 2, berserk 1,
strong-willed 1, electricity resistance, strong 1, wild magic 1
a: Renounce Religion


You were in a sewer.
You worshipped Xom.
You were a beloved toy of Xom.
You visited 1 branch of the dungeon, and saw 4 of its levels.
You also visited: Sewer.

You collected 1284 gold pieces.
You spent 360 gold pieces at shops.

Inventory:

Hand Weapons
 a - a +1 falchion of chaos (weapon)
Armour
 b - a +2 leather armour (worn)
Jewellery
 k - a ring of willpower (left hand)
 l - an amulet of regeneration (around neck)
Wands
 o - a wand of flame (18)
 p - a wand of light (2)
Scrolls
 c - a scroll of butterflies
 g - a scroll of noise {unknown}
 h - a scroll of poison {unknown}
 i - a scroll of identify {unknown}
 j - 4 scrolls of enchant weapon
 m - 2 scrolls of revelation
 n - a scroll of vulnerability {unknown}
 q - a scroll of summoning {unknown}
 r - a scroll of silence {unknown}
Potions
 d - 2 potions of curing
 e - a potion of degeneration {unknown}
 f - a potion of mutation


   Skills:
 + Level 3.7 Fighting
 + Level 3.4 Long Blades
 + Level 2.3 Armour
 + Level 3.2 Dodging
 * Level 1.7 Spellcasting
 * Level 1.7 Conjurations
 * Level 1.7 Hexes
   Level 0.0 Charms
 * Level 1.7 Summonings
 * Level 1.7 Necromancy
 * Level 1.7 Translocations
 * Level 1.7 Transmutations
 * Level 1.7 Fire Magic
 * Level 1.7 Ice Magic
 * Level 1.7 Air Magic
 * Level 1.7 Earth Magic
 * Level 1.7 Poison Magic
 + Level 0.7 Evocations


You knew the following spells:

 Your Spells              Type           Power      Damage    Failure   Level
a - Sandblast             Erth           12%        2d6       26%         1
b - Wereblood             Tmut           6%         N/A       36%         2
Your spell library was empty.

Dungeon Overview and Level Annotations

Branches:
Dungeon (4/15)              Sewer (1/1)
 Temple: D:4-7

Altars:

Shops:
D:3 *


Innate Abilities, Weirdness & Mutations

You are immune to sickness and miasma.
You are immune to poison.
Your flesh is very heat resistant. (rF++)
You are very vulnerable to cold. (rC--)
You float through the air rather than walking.
You learn spells naturally, not from books.
Your magical power is your life essence.
You have superior vitality. (+4 MHP)
You are mostly covered in iridescent scales. (AC +4)
You sometimes lose your temper in combat.
You are strong-willed. (Will+)
You are resistant to electric shocks. (rElec)
Your muscles are strong. (Str +4, Int/Dex -1)
Your spells are a little harder to cast, but a little more powerful.


Message History

The death drake changes into a glowing orange brain!
You hit the glowing orange brain.
The glowing orange brain's magic leaks into the air.
The glowing orange brain is lightly wounded.
You slash the glowing orange brain!
The glowing orange brain suddenly seems more agile.
The glowing orange brain is moderately wounded.
The death drake bites you but does no damage.
You barely miss the glowing orange brain.
The glowing orange brain is moderately wounded.
The death drake changes into a tarantella!
The rat rages.
You hit the glowing orange brain.
The glowing orange brain is poisoned.
The glowing orange brain is moderately wounded.
The glowing orange brain's magic is no longer disrupted.
You slash the glowing orange brain! You freeze the glowing orange brain.
You punch the glowing orange brain!
The glowing orange brain is severely wounded.
The tarantella touches you! The tarantella closely misses you.
You closely miss the glowing orange brain.
The glowing orange brain is severely wounded.
The tarantella changes into a spriggan!
You closely miss the glowing orange brain.
The glowing orange brain is severely wounded.
The glowing orange brain changes into a sea snake!
You miss the sea snake.
The sea snake is lightly wounded.
You are no longer berserk.
You are exhausted.
You feel yourself slow down. The spriggan hits you. The sea snake bites you!
* * * LOW HITPOINT WARNING * * *
You hit the sea snake but do no damage.
The sea snake is lightly wounded.
The spriggan hits you.
* * * LOW HITPOINT WARNING * * *
The sea snake bites you!
* * * LOW HITPOINT WARNING * * *
The spriggan closely misses you. The sea snake bites you.
You die...
Xom roars with laughter!

#.~.~.∩~.†~.###
~.~~~#####~~...#
~~.# ###~.~## r~
##.~~# ~ #††~#
##.~.# ###~..##
~~~##+##~.~~~#
....rrS@~~~###
##~~~~i~~###
#########


You could see a sea snake shaped shifter, a spriggan shaped shifter and 2 rats.

Vanquished Creatures
  Terence (D:2)
  2 river rats (Sewer)
  5 adders
  A worm (D:2)
  4 dart slugs
  An orc (D:3)
  5 bats
  9 endoplasms
  4 giant cockroaches
  9 hobgoblins
  9 jackals
  9 kobolds
  5 quokkas
  9 ball pythons
  6 frilled lizards
  4 goblins
  14 rats
97 creatures vanquished.

Notes
Turn   | Place    | Note
-------+----------+-------------------------------------------
     0 | D:1      | Xavori the Djinni Chaos Knight began the quest for the Orb.
     0 | D:1      | Reached XP level 1. HP: 20/20 MP: 0/0
    36 | D:1      | Found a faded altar of an unknown god.
    52 | D:1      | Reached XP level 2. HP: 24/25 MP: 0/0
    67 | D:1      | XOM: silly message
   111 | D:1      | XOM: silly message
   151 | D:1      | XOM: divination: magic mapping
   156 | D:1      | Reached XP level 3. HP: 30/30 MP: 0/0
   156 | D:1      | Learned a level 1 spell: Sandblast
   773 | D:2      | Reached skill level 1 in Spellcasting
   773 | D:2      | Reached skill level 1 in Conjurations
   773 | D:2      | Reached skill level 1 in Hexes
   773 | D:2      | Reached skill level 1 in Summonings
   773 | D:2      | Reached skill level 1 in Necromancy
   773 | D:2      | Reached skill level 1 in Translocations
   773 | D:2      | Reached skill level 1 in Transmutations
   773 | D:2      | Reached skill level 1 in Fire Magic
   773 | D:2      | Reached skill level 1 in Ice Magic
   773 | D:2      | Reached skill level 1 in Air Magic
   773 | D:2      | Reached skill level 1 in Earth Magic
   773 | D:2      | Reached skill level 1 in Poison Magic
   773 | D:2      | Reached XP level 4. HP: 34/35 MP: 0/0
  1664 | D:1      | XOM: noise
  1944 | D:1      | XOM: divination: detect items
  2400 | D:1      | XOM: divination: magic mapping
  2445 | D:1      | XOM: give mutations
  2445 | D:1      | Gained mutation: You sometimes lose your temper in combat.
                  | [Xom's mischief]
  2445 | D:1      | Gained mutation: You are strong-willed. (Will+) [Xom's
                  | mischief]
  2445 | D:1      | Gained mutation: Your body sometimes deteriorates upon
                  | taking damage. [Xom's mischief]
  3358 | D:1      | XOM is BORED!
  3722 | D:1      | XOM: god gift: short sword {god gift}
  3850 | D:1      | XOM: divination: magic mapping
  4997 | D:1      | XOM is BORED!
  5039 | D:1      | XOM: god gift: 1131 gold pieces
  5209 | D:1      | XOM: scenery: summon butterflies
  5336 | D:1      | XOM: god gift: 27 gold pieces
  6350 | D:1      | XOM: give mutations
  6350 | D:1      | Gained mutation: Your mind is acute. (Int +4, Str/Dex -1)
                  | [Xom's grace]
  6350 | D:1      | Gained mutation: You are partially covered in iridescent
                  | scales. (AC +2) [Xom's grace]
  6350 | D:1      | Gained mutation: Your spells are a little harder to cast,
                  | but a little more powerful. [Xom's grace]
  6350 | D:1      | Gained mutation: You are mostly covered in iridescent
                  | scales. (AC +4) [Xom's grace]
  6593 | D:2      | Noticed Terence
  6598 | D:2      | Killed Terence
  6599 | D:2      | Reached XP level 5. HP: 38/40 MP: 0/0
  6599 | D:2      | Learned a level 2 spell: Wereblood
  6957 | D:2      | XOM: noise
  7090 | D:2      | XOM: torment (21/40 hp)
  7101 | D:2      | XOM: cloud trail
  7259 | D:3      | Found Appie's Assorted Antiques.
  7267 | D:3      | Bought a scroll labelled YMUEQA NUES for 24 gold pieces
  7267 | D:3      | Bought a scroll labelled VAENLI NORUUTH for 24 gold pieces
  7267 | D:3      | Bought 2 scrolls labelled YMUEQA NUES for 48 gold pieces
  7267 | D:3      | Bought a worn gold wand for 96 gold pieces
  7267 | D:3      | Bought 3 scrolls labelled OHOMOR JUTUSE for 72 gold pieces
  7267 | D:3      | Bought a long bronze wand for 96 gold pieces
  7783 | D:4      | Found a glowing drain.
  7793 | Sewer    | Entered a sewer
  7820 | Sewer    | Reached XP level 6. HP: 33/47 MP: 0/0
  7849 | Sewer    | a river rat changed into a glowing shapeshifter
  7849 | Sewer    | Noticed a glowing shapeshifter (glowing shapeshifter)
  7849 | Sewer    | a glowing shapeshifter changed into a cyclops
  7849 | Sewer    | Noticed a cyclops (glowing shapeshifter)
  7851 | Sewer    | a cyclops changed into a wind drake
  7851 | Sewer    | Noticed a wind drake (glowing shapeshifter)
  7853 | Sewer    | a wind drake changed into a moth of wrath
  7853 | Sewer    | Noticed a moth of wrath (glowing shapeshifter)
  7854 | Sewer    | Lost mutation: Your mind is acute. (Int +4, Str/Dex -1)
                  | [potion of mutation]
  7854 | Sewer    | Lost mutation: Your body sometimes deteriorates upon taking
                  | damage. [potion of mutation]
  7854 | Sewer    | Gained mutation: You are very vulnerable to cold. (rC--)
                  | [potion of mutation]
  7854 | Sewer    | Gained mutation: Your muscles are strong. (Str +4, Int/Dex
                  | -1) [potion of mutation]
  7854 | Sewer    | Gained mutation: You are resistant to electric shocks.
                  | (rElec) [potion of mutation]
  7859 | Sewer    | a moth of wrath changed into a swamp worm
  7859 | Sewer    | Noticed a swamp worm (glowing shapeshifter)
  7859 | Sewer    | a moth of wrath changed into a death drake
  7859 | Sewer    | Noticed a death drake (glowing shapeshifter)
  7863 | Sewer    | a swamp worm changed into a death drake
  7863 | Sewer    | Noticed a death drake (glowing shapeshifter)
  7863 | Sewer    | a death drake changed into a glowing orange brain
  7863 | Sewer    | Noticed a glowing orange brain (glowing shapeshifter)
  7866 | Sewer    | a death drake changed into a tarantella
  7866 | Sewer    | Noticed a tarantella (glowing shapeshifter)
  7869 | Sewer    | a tarantella changed into a spriggan
  7869 | Sewer    | Noticed a spriggan (glowing shapeshifter)
  7870 | Sewer    | a glowing orange brain changed into a sea snake
  7870 | Sewer    | Noticed a sea snake (glowing shapeshifter)
  7872 | Sewer    | Slain by a sea snake (glowing shapeshifter)

Illustrated notes

Levels and vault maps discovered:
D:1:      erik_arrival_orb_chamber, layout_basic,
          hellmonk_ecumenical_altar_pennies_from_heaven, minmay_small_reverse_x
D:2:      layout_loops_ring, uniq_terence
D:3:      layout_rooms, serial_shops, shop, minmay_box_of_dots
D:4:      layout_cave_pools, cheibrodos_sewer_entry_drain
Sewer:    sewer_hellmonk_bad_rat

Skill      XL: |  1  2  3  4  5 |
---------------+----------------+-----
Long Blades    | 3 |  3.4
Spellcasting   | 1 |  1.7
Conjurations   | 1 |  1.7
Hexes          | 1 |  1.7
Summonings     | 1 |  1.7
Necromancy     | 1 |  1.7
Translocations | 1 |  1.7
Transmutations | 1 |  1.7
Fire Magic     | 1 |  1.7
Ice Magic      | 1 |  1.7
Air Magic      | 1 |  1.7
Earth Magic    | 1 |  1.7
Poison Magic   | 1 |  1.7
Armour         | 2 |  2.3
Dodging        | 3 |  3.2
Fighting       | |  3.7
Evocations     | |  0.7

Action                     |  1- 3 |  4- 6 || total
---------------------------+-------+-------++-------
  Melee: Falchion          |   116 |   215 ||   331
         Punch             |       |     2 ||     2
  Evoke: Wand              |       |     1 ||     1
    Use: Scroll            |       |     3 ||     3
         Potion            |       |     3 ||     3
   Stab: Sleeping          |     1 |     1 ||     2
         Petrified         |       |    13 ||    13
 Armour: Leather armour    |   100 |   123 ||   223
  Dodge: Dodged            |    79 |   150 ||   229

Table legend: (Time is in decaauts)
 A = Elapsed time spent in this place.
 B = Non-inter-level travel time spent in this place.
 C = Inter-level travel time spent in this place.
 D = Time resting spent in this place.
 E = Time spent auto-exploring this place.
 F = Levels seen in this place.
 G = Mean time per level.
                   A        B        C        D        E       F      G
               +--------+--------+--------+--------+--------+-----+--------+
         Total |   7955 |   7913 |     42 |   5655 |   1548 |   5 | 1591.0 |
       Dungeon |   7875 |   7833 |     42 |   5655 |   1535 |   4 | 1968.8 |
         Sewer |     79 |     79 |      0 |      0 |     13 |   1 |   79.0 |
               +--------+--------+--------+--------+--------+-----+--------+

Top non-repeatable levels by time:
     D:1: 6359 daAuts
     D:2: 860 daAuts
     D:3: 576 daAuts
   Sewer: 79 daAuts
     D:4: 78 daAuts
